 Dungeon Crawl Stone Soup version 0.20.1-1-g8b1a95d (webtiles) character file.

3531 Lanoc the Covert (level 9, -7/65 HPs)
             Began as a Vampire Assassin on Nov 26, 2017.
             Hit by a large rock thrown by a cyclops (23 damage)
             ... on level 8 of the Dungeon.
             The game lasted 00:39:09 (6543 turns).

Lanoc the Covert (Vampire Assassin)                 Turns: 6543, Time: 00:39:10

Health: -7/65      AC:  8    Str: 14    XL:     9   Next: 82%
Magic:  9/9        EV: 23    Int: 13    God:
Gold:   538        SH:  0    Dex: 22    Spells: 8/8 levels left

rFire    . . .     SeeInvis +   t - +1 dagger (venom)
rCold    + + .     Gourm    .   (no shield)
rNeg     + + +     Faith    .   E - +0 animal skin
rPois    ∞         Spirit   .   (no helmet)
rElec    .         Reflect  .   D - +1 cloak
rCorr    .         Harm     .   y - +0 pair of gloves
MR       .....                  v - +0 pair of boots
Stlth    +++++++++.             (no amulet)
Regen    0.0/turn               j - +2 ring of protection
MPRegen  0.2/turn               p - +4 ring of strength

@: agile, bloodless, non-regenerating
A: claws 1, fangs 3, see invisible, clumsy 1, deterioration 1, unbreathing
a: Bat Form


You were on level 8 of the Dungeon.
You were bloodless.

You visited 2 branches of the dungeon, and saw 9 of its levels.

You collected 538 gold pieces.

Inventory:

Hand Weapons
 a - a +2 dagger
 n - the +7 whip "Lemu" {pain, rC+}
   (You found it on level 6 of the Dungeon)

   In the hands of one skilled in necromantic magic, it inflicts extra damage on
   living creatures.
   It protects you from cold.
 s - a +2 dagger of speed
 t - a +1 dagger of venom (weapon)
 C - a +1 dagger of speed
Missiles
 m - 7 javelins of penetration (quivered)
 o - 3 needles of frenzy
Armour
 v - a +0 pair of boots (worn)
 y - a +0 pair of gloves (worn)
 D - a +1 cloak (worn)
 E - a +0 animal skin (worn)
Jewellery
 j - a +2 ring of protection (left hand)
 p - a +4 ring of strength (right hand)
Wands
 b - a wand of lightning (11/15)
 f - a wand of iceblast (7/15)
 B - a wand of enslavement (3/24)
Scrolls
 e - a scroll of enchant weapon
 i - 3 scrolls of remove curse
 k - a scroll of magic mapping
 r - 5 scrolls of identify
 w - 4 scrolls of amnesia
Potions
 d - a potion of magic
 g - 17 potions of blood
 l - 2 potions of brilliance
 q - a potion of cancellation {unknown}
 u - 2 potions of might
 z - 2 potions of flight
 A - 4 potions of curing
Books
 x - a book of Minor Magic

   Spells                             Type                      Level
   a - Magic Dart                     Conjuration                  1
   b - Blink                          Translocation                2
   c - Call Imp                       Summoning                    2
   d - Slow                           Hexes                        2
   e - Conjure Flame                  Conjuration/Fire             3
   f - Mephitic Cloud                 Conjuration/Poison/Air       3


   Skills:
 + Level 4.2 Fighting
 + Level 7.5 Short Blades
 + Level 3.4 Throwing
 + Level 6.7 Dodging
 + Level 14.6 Stealth
 + Level 0.1 Evocations


You had 8 spell levels left.
You didn't know any spells.

Dungeon Overview and Level Annotations

Branches:
Dungeon (8/15)             Temple (1/1) D:6
   Lair: D:8-11

Altars:
Ashenzari
Cheibriados
Elyvilon
Fedhas
Gozag
Hepliaklqana
Kikubaaqudgha
Makhleb
Nemelex Xobeh
Okawaru
Qazlal
Ru
Sif Muna
Trog
Uskayaw
Vehumet
Xom
Yredelemnul
Zin
The Shining One

Shops:
D:7 =   D:8 [

Annotations:
D:5 Lanoc's ghost, novice DECj


Innate Abilities, Weirdness & Mutations

You do not heal naturally.
You are immune to poison.
You have razor-sharp teeth.
You have supernaturally acute eyesight. (SInv)
You can survive without breathing.
You have sharp fingernails.
You are clumsy. (Dex -2)
Your body sometimes deteriorates upon taking damage.


Message History

You feel yourself speed up.
You feel agile all of a sudden. The troll closely misses you.
The troll misses you. The troll claws you!
* * * LOW HITPOINT WARNING * * *
There is an open door here.
You close the door.
A troll opens the door.
You close the door.
A troll opens the door.
There is an open door here.
Found 14 gold pieces.
Your extra speed is starting to run out.
You now have 538 gold pieces (gained 14).
You feel yourself slow down.
You open the door.
A cyclops comes into view.
There is an open door here.
You close the door.
The cyclops shouts!
The cyclops throws a large rock.
The large rock hits you!!
You die...

#+#....###########.....
.......................
.......................
.............T.........
......................
######........#####.....
#....###+###### +.....
#.........# #.....
#....##@..# #..... #..
#...# #..... #......C..#
#..... +.........+
.'..... #######+###
###..... ........
........ ........
.......T


You could see a cyclops.

Vanquished Creatures
  Erica (D:8)
  Pikel (D:4)
  A spriggan (D:7)
  A hungry ghost (D:7)
  A black bear (D:6)
  A sky beast (D:7)
  2 ice beasts
  4 ogres
  A slave (D:4)
  A phantom (D:6)
  A crocodile (D:8)
  A big kobold (D:8)
  4 bullfrogs
  4 scorpions
  A wight (D:8)
  4 crimson imps
  2 jellies
  3 hounds
  An orc priest (D:7)
  An iguana (D:7)
  2 orc wizards (D:7)
  3 worker ants
  A hound zombie (D:5)
  A hound skeleton (D:6)
  Robin (D:3)
  A worker ant zombie (D:6)
  7 gnolls
  5 adders
  A shadow imp (D:6)
  A worm (D:3)
  2 dart slugs
  4 leopard geckos
  11 orcs
  5 giant cockroaches
  10 goblins
  9 hobgoblins
  10 jackals
  13 kobolds
  4 quokkas
  11 bats
  A frilled lizard (D:5)
  A jackal zombie (D:6)
  2 quokka skeletons
  3 rats
145 creatures vanquished.

Notes
Turn   | Place    | Note
-------+----------+-------------------------------------------
     0 | D:1      | Lanoc the Vampire Assassin began the quest for the Orb.
     0 | D:1      | Reached XP level 1. HP: 16/16 MP: 1/1
    54 | D:1      | Reached skill level 6 in Stealth
   154 | D:1      | Reached XP level 2. HP: 14/22 MP: 2/2
  1027 | D:2      | Reached XP level 3. HP: 27/27 MP: 3/3
  1105 | D:2      | Reached skill level 7 in Stealth
  1604 | D:3      | Reached XP level 4. HP: 28/33 MP: 4/4
  1899 | D:3      | Noticed a bullfrog
  1905 | D:3      | Found a glowing golden altar of the Shining One.
  1905 | D:3      | Noticed Robin
  1936 | D:3      | Killed a bullfrog
  1936 | D:3      | Reached skill level 8 in Stealth
  1936 | D:3      | Reached XP level 5. HP: 16/38 MP: 5/5
  2086 | D:3      | Killed Robin
  2197 | D:3      | Found a stormy altar of Qazlal.
  2530 | D:4      | Reached skill level 9 in Stealth
  2666 | D:4      | Noticed an ogre
  2671 | D:4      | Killed an ogre
  2671 | D:4      | Reached XP level 6. HP: 44/44 MP: 6/6
  2805 | D:4      | Noticed a slave
  2808 | D:4      | Noticed Pikel
  2808 | D:4      | Noticed a slave
  2809 | D:4      | Noticed a slave
  2812 | D:4      | Killed a slave
  2815 | D:4      | Noticed a slave
  2857 | D:4      | Killed Pikel
  2857 | D:4      | Reached skill level 10 in Stealth
  2857 | D:4      | Reached XP level 7. HP: 29/51 MP: 7/7
  2999 | D:5      | Entered Level 5 of the Dungeon
  3007 | D:5      | Reached skill level 11 in Stealth
  3173 | D:5      | Noticed Lanoc's ghost (novice DECj)
  3238 | D:5      | Reached skill level 5 in Short Blades
  3282 | D:5      | Found a shimmering altar of Xom.
  3310 | D:5      | Found a radiant altar of Vehumet.
  3346 | D:5      | Found a snail-covered altar of Cheibriados.
  3357 | D:5      | Found a basalt altar of Yredelemnul.
  3458 | D:5      | Found a white marble altar of Elyvilon.
  3498 | D:5      | Reached XP level 8. HP: 44/57 MP: 8/8
  3684 | D:6      | Reached skill level 12 in Stealth
  3757 | D:6      | Got a slimy whip
  3758 | D:6      | Identified the +7 whip "Lemu" {pain, rC+} (You found it on level 6 of the Dungeon)
  3996 | D:6      | Reached skill level 5 in Dodging
  4162 | D:6      | Found a staircase to the Ecumenical Temple.
  4162 | D:6      | Noticed an unseen horror
  4247 | Temple   | Entered the Ecumenical Temple
  4515 | Temple   | Gained mutation: Your body sometimes deteriorates upon taking damage. [potion of mutation]
  4515 | Temple   | Gained mutation: You are clumsy. (Dex -2) [potion of mutation]
  4515 | Temple   | Gained mutation: You have sharp fingernails. [potion of mutation]
  4819 | D:7      | Reached XP level 9. HP: 53/65 MP: 9/9
  4929 | D:7      | Reached skill level 13 in Stealth
  5372 | D:7      | Found Duryot's Jewellery Shop.
  5380 | D:7      | Found a basalt altar of Yredelemnul.
  6024 | D:8      | Noticed Erica
  6052 | D:8      | Killed Erica
  6052 | D:8      | Reached skill level 14 in Stealth
  6108 | D:8      | Found Haton's Antique Armour Shoppe.
  6360 | D:8      | Noticed a troll
  6537 | D:8      | Noticed a cyclops
  6543 | D:8      | Hit by a large rock thrown by a cyclops

Skill      XL: |  1  2  3  4  5  6  7  8  9 |
---------------+----------------------------+-----
Stealth        | 6 7 8 9 10 11 12 14 | 14.6
Short Blades   | 3 4 5 6 7 |  7.5
Dodging        | 2 3 4 5 6 |  6.7
Throwing       | 2 3 |  3.4
Fighting       | 2 3 4 |  4.2
Evocations     | |  0.1

Action                   |  1- 3 |  4- 6 |  7- 9 || total
-------------------------+-------+-------+-------++-------
Melee: Dagger            |    93 |    81 |   332 ||   506
       Bite              |    10 |    15 |    40 ||    65
Throw: Javelin           |       |    14 |    17 ||    31
Evoke: Wand              |       |       |     2 ||     2
  Use: Potion            |       |     3 |    20 ||    23
       Scroll            |       |       |     7 ||     7
 Stab: Sleeping          |    14 |     8 |    30 ||    52
       Distracted        |       |       |     1 ||     1
  Eat: Corpse            |       |     1 |       ||     1
Armor: Robe              |    39 |    23 |       ||    62
       Animal skin       |       |     3 |    54 ||    57
Dodge: Dodged            |    58 |    70 |   200 ||   328
